 Dungeon Crawl Stone Soup version 0.25.1-2-g60ff931df9 (webtiles) character file.

Game seed: 12491620041876308363

24 gruber the Chiller (level 3, 0/25 HPs)
             Began as a Gnoll Ice Elementalist on Oct 11, 2020.
             Slain by a jackal (1 damage)
             ... on level 1 of the Dungeon.
             The game lasted 00:00:43 (401 turns).

gruber the Chiller (Gnoll Ice Elementalist)          Turns: 401, Time: 00:00:43

Health: 0/25       AC:  2    Str: 10    XL:     3   Next: 2%
Magic:  1/9        EV: 14    Int: 18    God:
Gold:   27         SH:  0    Dex: 15    Spells: 10/11 levels left

rFire    . . .     SeeInvis .   (no weapon)
rCold    . . .     Gourm    .   (no shield)
rNeg     . . .     Faith    .   a - +0 robe
rPois    .         Spirit   .   (no helmet)
rElec    .         Reflect  .   (no cloak)
rCorr    .         Harm     .   (no gloves)
MR       .....                  (no boots)
Stlth    +++.......             (no amulet)
HPRegen  0.08/turn              (no ring)
MPRegen  0.11/turn              (no ring)

@: no status effects
A: distributed training, fangs 1, strong nose
a: no special abilities


You were on level 1 of the Dungeon.
You were not hungry.

You visited 1 branch of the dungeon, and saw 1 of its levels.

You collected 27 gold pieces.

Inventory:

Armour
 a - a +0 robe (worn)
Scrolls
 b - 3 scrolls of remove curse {unknown}
Potions
 d - a potion of ambrosia {unknown}
 e - a potion of brilliance {unknown}
Comestibles
 c - a ration
 f - 3 chunks of flesh


   Skills:
 + Level 0.5 Fighting
 + Level 0.5 Short Blades
 + Level 0.5 Long Blades
 + Level 0.5 Axes
 + Level 0.5 Maces & Flails
 + Level 0.5 Polearms
 + Level 0.5 Staves
 + Level 0.5 Slings
 + Level 0.5 Bows
 + Level 0.5 Crossbows
 + Level 0.5 Throwing
 + Level 0.5 Armour
 + Level 4.5 Dodging
 + Level 4.1 Stealth
 + Level 0.5 Shields
 + Level 0.5 Unarmed Combat
 + Level 4.9 Spellcasting
 + Level 0.4 Conjurations
 + Level 0.4 Hexes
 + Level 0.4 Charms
 + Level 0.4 Summonings
 + Level 0.4 Necromancy
 + Level 0.4 Translocations
 + Level 0.4 Transmutations
 + Level 0.4 Fire Magic
 + Level 7.0 Ice Magic
 + Level 0.4 Air Magic
 + Level 0.4 Earth Magic
 + Level 0.4 Poison Magic
 + Level 0.7 Invocations
 + Level 0.5 Evocations


You had 10 spell levels left.
You knew the following spells:

 Your Spells              Type           Power        Failure   Level  Hunger
a - Freeze                Ice            ####         1%          1    None

Your spell library contained the following spells:

 Spells                   Type           Power        Failure   Level  Hunger
 Frozen Ramparts          Ice            ####..       2%          3    ###....
 Ozocubu's Armour         Chrm/Ice       ###.....     9%          3    ###....
 Hailstorm                Conj/Ice       ###.....     28%         4    ####...
 Summon Ice Beast         Ice/Summ       ###.....     28%         4    ####...


Dungeon Overview and Level Annotations

Branches:
Dungeon (1/15)

Altars:


Innate Abilities, Weirdness & Mutations

Your experience applies equally to all skills.
You have very sharp teeth.
Your uncanny sense of smell can sniff out nearby items.


Message History

Aim: a kobold, wielding a +0 whip You freeze the kobold.
You kill the kobold!
You have reached level 3!
Your experience leads to an increase in your attributes!
Increase (S)trength, (I)ntelligence, or (D)exterity?
You feel clever.
Your magical contamination has completely faded away.
You closely miss the jackal. Your bite misses the jackal.
The jackal barely misses you.
You hit the jackal but do no damage. The jackal misses you.
The jackal bites you.
* * * LOW HITPOINT WARNING * * *
You hit the jackal but do no damage. You bite the jackal.
The jackal is lightly wounded.
The jackal closely misses you.
You hit the jackal.
The jackal is heavily wounded.
The jackal bites you.
You die...

∆ #.......#........
............###...#..).#.....
...........# ########.#.....
........(.######### #.######
#........#.......# #.# #
##........#..####.# #.# ###
#.........#.......# #.# #..
#...!....###.###..# .# #..
#.....(..†h@.# #..# #..
#.....(..###.# #..####+###..
#........###.###.#......##..
#...!...h##......'......'...
#........+.....÷.#......#...
#......(.###+###.#......#.##
###....... #.#........##
#........ #.#........##
#.#........#


You could see a jackal.

Vanquished Creatures
  A leopard gecko (D:1)
  2 giant cockroaches (D:1)
  3 goblins (D:1)
  2 hobgoblins (D:1)
  7 jackals (D:1)
  2 frilled lizards (D:1)
  2 kobolds (D:1)
19 creatures vanquished.

Notes
Turn   | Place    | Note
-------+----------+-------------------------------------------
     0 | D:1      | gruber the Gnoll Ice Elementalist began the quest for the
                  | Orb.
     0 | D:1      | Reached XP level 1. HP: 13/13 MP: 6/6
   212 | D:1      | Reached XP level 2. HP: 19/19 MP: 5/7
   397 | D:1      | Reached XP level 3. HP: 3/25 MP: 0/9
   399 | D:1      | HP: 1/25 [jackal (2)]
   401 | D:1      | Slain by a jackal

Illustrated notes

Levels and vault maps discovered:
D:1:      minmay_arrival_shattered_statue, layout_basic

Action                   || total
-------------------------++-------
Melee: Unarmed           ||    12
       Bite              ||     1
 Cast: Freeze            ||    25
Armor: Robe              ||     5
Dodge: Dodged            ||    28
